 Dungeon Crawl Stone Soup version 0.29.0-7-g18a832c13a (webtiles) character file.

Game seed: 8937329480361999034

11 TrayleKats the Charlatan (level 2, -1/24 HPs)
             Began as a Meteoran Wanderer on Aug 31, 2022.
             Slain by a frilled lizard (2 damage)
             ... on level 2 of the Dungeon.
             The game lasted 00:03:40 (606 turns).

TrayleKats the Charlatan (Meteoran Wanderer)         Turns: 606, Time: 00:03:41

Health: -1/24      AC:  3    Str:  9    XL:     2   Next: 58%
Magic:  5/5        EV: 11    Int: 21    God:
Gold:   10         SH:  0    Dex: 15    Spells: 2/3 levels left

rFire   . . .      SeeInvis .   a - +0 dagger
rCold   . . .      Faith    .   (no shield)
rNeg    . . .      Spirit   .   d - +0 robe
rPois   .          Reflect  .   (no helmet)
rElec   .          Harm     .   b - +0 cloak
rCorr   .          Rampage  .   (no gloves)
Will    .....                   (no boots)
Stlth   +.........              (no amulet)
HPRegen 0.08/turn               f - +6 ring of intelligence
MPRegen 0.09/turn               (no ring)

@: glowing
A: sense surroundings 1, otherworldly, glowing, explore regen
a: no special abilities


You were on level 2 of the Dungeon.
You visited 1 branch of the dungeon, and saw 2 of its levels.

You collected 10 gold pieces.

Inventory:

Hand Weapons
 a - a +0 dagger (weapon)
 l - a +2 falchion of distortion
Armour
 b - a +0 cloak (worn)
 d - a +0 robe (worn)
Jewellery
 f - a +6 ring of intelligence (left hand)
Scrolls
 c - a scroll of teleportation
 g - 2 scrolls of identify {unknown}
 h - a scroll of torment {unknown}
 i - a scroll of immolation {unknown}
 j - a scroll of acquirement {unknown}
 k - a scroll of noise {unknown}
Miscellaneous
 e - a tin of tremorstones (2/2)


   Skills:
 + Level 2.1 Fighting
 - Level 2.9 Stealth
 - Level 1.3 Spellcasting
 - Level 1.2 Conjurations
 - Level 4.8 Evocations


You had 2 spell levels left.
You knew the following spells:

 Your Spells              Type           Power      Damage    Failure   Level
a - Shock                 Conj/Air       12%        1d3       12%         1

Your spell library contained the following spells:

 Spells                   Type           Power      Damage    Failure   Level
 Poisonous Vapours        Pois/Air       2%         N/A       24%         2
 Dazzling Flash           Conj/Hex       6%         N/A       36%         3
 Corpse Rot               Necr/Pois/Air  1%         N/A       83%         4


Dungeon Overview and Level Annotations

Branches:
Dungeon (2/15) Zot: 595

Altars:


Innate Abilities, Weirdness & Mutations

You passively map a small area around you.
You are easily found by Zot.
You glow in the dark.
You regain HP and MP as you explore.


Message History

The frilled lizard bites you.
* * * LOW HITPOINT WARNING * * *
The frilled lizard unfolds its giant frill.
The frilled lizard barely misses you.
The frilled lizard bites you but does no damage.
The frilled lizard barely misses you. The frilled lizard closely misses you.
The frilled lizard bites you but does no damage.
The frilled lizard barely misses you.
The frilled lizard bites you but does no damage.
The frilled lizard closely misses you. The frilled lizard misses you.
The frilled lizard bites you.
* * * LOW HITPOINT WARNING * * *
The frilled lizard bites you but does no damage.
The frilled lizard bites you but does no damage.
The frilled lizard bites you but does no damage.
The frilled lizard bites you.
* * * LOW HITPOINT WARNING * * *
The frilled lizard bites you but does no damage.
The frilled lizard misses you. The frilled lizard closely misses you.
The frilled lizard closely misses you. The frilled lizard bites you.
* * * LOW HITPOINT WARNING * * *
The frilled lizard misses you. The frilled lizard barely misses you.
The frilled lizard bites you.
* * * LOW HITPOINT WARNING * * *
The frilled lizard barely misses you.
The frilled lizard bites you but does no damage.
The frilled lizard bites you but does no damage.
The frilled lizard bites you but does no damage.
The frilled lizard closely misses you. The frilled lizard barely misses you.
The frilled lizard closely misses you. The frilled lizard bites you.
* * * LOW HITPOINT WARNING * * *
The frilled lizard bites you.
You die...

* , * *
##.....##
##.......## *
#......<..# ,
,+.........+ ,
* #.........# *
*#.?...:.# ** *
*#..†..# #.@l#*
* ##'## , #.# *
#.# ####.## ,
#....>## *
#......# *
#.....##
###.##..#######


You could see a frilled lizard.

Vanquished Creatures
  A dart slug (D:1)
  A giant cockroach (D:1)
  A goblin (D:1)
  A hobgoblin (D:1)
  A quokka (D:1)
  2 kobolds (D:1)
  2 rats (D:2)
9 creatures vanquished.

Notes
Turn   | Place    | Note
-------+----------+-------------------------------------------
     0 | D:1      | TrayleKats the Meteoran Wanderer began the quest for the
                  | Orb.
     0 | D:1      | TrayleKats set off with the following items: a +0 dagger, a
                  | +0 cloak, a scroll of teleportation, a +0 robe, a tin of
                  | tremorstones (2/2); and the following spell memorised:
                  | Shock; and the following spells available to memorise:
                  | Dazzling Flash.
     0 | D:1      | Reached XP level 1. HP: 14/14 MP: 3/3
    99 | D:1      | Reached skill level 1 in Fighting
   143 | D:1      | Reached XP level 2. HP: 10/23 MP: 0/5
   501 | D:1      | Glimpsed the power of Zot.
   605 | D:2      | HP: 1/24 [frilled lizard (2)]
   606 | D:2      | Slain by a frilled lizard

Illustrated notes

Levels and vault maps discovered:
D:1:      zelgadis_glass_arrival_small, layout_loops_corners
D:2:      layout_loops_corners

Skill      XL: |  1  2 |
---------------+-------+-----
Fighting       | 1 2 |  2.1
Stealth        | |  2.9
Spellcasting   | |  1.3
Conjurations   | |  1.2
Evocations     | |  4.8

Action                   || total
-------------------------++-------
Melee: Dagger            ||    17
 Cast: Shock             ||    11
Armor: Robe              ||    32
Dodge: Dodged            ||    49
